 Dungeon Crawl Stone Soup version 0.21.0 (webtiles) character file.

51 tidbits the Sneak (level 3, -1/14 HPs)
             Began as a Felid Air Elementalist on Jan 7, 2018.
             Slain by an ice beast (11 damage)
             ... on level 5 of the Dungeon.
             The game lasted 00:05:26 (786 turns).

tidbits the Sneak (Felid Air Elementalist)           Turns: 786, Time: 00:05:26

Health: -1/14      AC:  1    Str:  4    XL:     3   Next: 57%
Magic:  7/7        EV: 18    Int: 17    God:
Gold:   31         SH:  0    Dex: 16    Spells: 5/6 levels left
                                        Lives:  0   Deaths: 0

rFire    . . .     SeeInvis +     - Unarmed
rCold    . . .     Gourm    .   (shield unavailable)
rNeg     . . .     Faith    .   (armour unavailable)
rPois    .         Spirit   .   (helmet unavailable)
rElec    .         Reflect  .   (cloak unavailable)
rCorr    .         Harm     .   (gloves unavailable)
MR       .....                  (boots unavailable)
Stlth    +++.......             (no amulet)
HPRegen  0.04/turn              (no ring)
MPRegen  0.10/turn              (no ring)

@: quick
A: very small, no armour, no weapons or thrown items, stealth, claws 1, fangs 3,
see invisible, carnivore, speed 1, shaggy fur 1, slow metabolism 1, sharp paws
a: no special abilities


You were on level 5 of the Dungeon.
You were not hungry.

You visited 1 branch of the dungeon, and saw 6 of its levels.

You collected 31 gold pieces.

Inventory:

Missiles
 f - 27 arrows
Wands
 g - a wand of flame (21)
 j - a wand of iceblast (5)
Scrolls
 i - a scroll of identify {unknown}
Potions
 c - a potion of brilliance {unknown}
 d - a potion of mutation {unknown}
 e - 2 potions of curing {unknown}
 h - 2 potions of heal wounds {unknown}
Books
 a - a book of Air

   Spells                             Type                      Level
   a - Shock                          Conjuration/Air              1
   b - Swiftness                      Charms/Air                   2
   c - Static Discharge               Conjuration/Air              3
   d - Airstrike                      Air                          4
   e - Lightning Bolt                 Conjuration/Air              5
Comestibles
 b - 4 rations


   Skills:
 - Level 2.6 Dodging
 + Level 4.4 Stealth
 + Level 2.2 Unarmed Combat
 - Level 2.0 Spellcasting
 - Level 0.8 Conjurations
 - Level 2.6 Air Magic


You had 5 spell levels left.
You knew the following spells:

 Your Spells              Type           Power        Failure   Level  Hunger
a - Shock                 Conj/Air       #...         10%         1    #......


Dungeon Overview and Level Annotations

Branches:
Dungeon (6/15)
 Temple: D:4-7

Altars:
Okawaru
Yredelemnul


Innate Abilities, Weirdness & Mutations

You cannot wear armour.
You are incapable of wielding weapons or throwing items.
Your paws allow you to move quietly. (Stealth)
You have sharp claws.
You have razor-sharp teeth.
You have supernaturally acute eyesight. (SInv)
You are carnivorous and can eat meat at any time.
You cover ground quickly.
You are covered in fur. (AC +1)
You have a slow metabolism.
Your sharp claws are effective at attacking unaware monsters.


Message History

Found a stone staircase leading up.
b - 4 rations (gained 1)
h - 2 golden potions
There is a stone staircase leading up here.
You climb upwards.
There is a stone staircase leading down here.
A leopard gecko comes into view.
You now have 31 gold pieces (gained 15).
A giant cockroach comes into view.
Found a trident.
A rat comes into view.
Found 17 bolts.
Found 5 stones and 15 bolts.
You scratch the rat.
You kill the rat!
Found a leather armour.
There is a stone staircase leading down here.
You climb downwards.
There is a stone staircase leading up here.
Found a purple potion.
Found a stone staircase leading down.
An orc comes into view.
A frilled lizard comes into view.
You found a teleport trap!
The frilled lizard hisses angrily.
The orc shouts! x4
You see here a scroll labeled VELEAV RY XUWK.
i - a scroll labeled VELEAV RY XUWK Really walk into that teleport trap?
You enter a teleport trap!
The teleport trap disappears.
Your surroundings suddenly seem different.
The goblin shouts!
The goblin hits you with a club.
The orc shouts!
There is a stone staircase leading down here.
You climb downwards.
Found a stone staircase leading up and two stone staircases leading down.
There is a stone staircase leading up here.
Casting: Shock
Confirm with . or Enter, or press ? or * to list all spells.
Aiming: Shock
Press: ? - help, Shift-Dir - straight line The zap hits the orc.
The orc is moderately wounded.
The zap misses the orc.
Casting: Shock
Confirm with . or Enter, or press ? or * to list all spells.
Aiming: Shock
Press: ? - help, Shift-Dir - straight line The zap hits the orc.
The orc is heavily wounded.
The zap hits the orc.
You kill the orc!
Things that are here:
a club; a leather armour
There is a stone staircase leading up here.
There is a stone staircase leading up here.
You climb upwards.
Found 27 bolts.
There is a stone staircase leading down here.
You climb downwards.
There is a stone staircase leading up here.
There is a stone staircase leading down here.
You climb downwards.
Found a long bronze wand.
There is a stone staircase leading up here.
Unknown command.
A crimson imp comes into view.
A leopard gecko comes into view.
Found 17 stones.
You see here a wand of iceblast (5).
j - a wand of iceblast (5)
The crimson imp shouts!
There is a stone staircase leading up here.
The crimson imp shouts, "Escape, thou warped flap-mouthed barnacle!"
You climb upwards.
There is a stone staircase leading down here.
There is a stone staircase leading down here.
You climb downwards.
There is a stone staircase leading up here.
You open the door.
Found 8 needles of frenzy.
Found a stone staircase leading down.
There is an open door here.
There is a stone staircase leading down here.
You climb downwards.
There is a stone staircase leading up here.
Found a stone staircase leading down.
An orc comes into view. It is wielding a trident.
There is a stone staircase leading down here.
The helpless orc fails to defend itself.
You claw the orc!
You kill the orc!
You see here a trident.
Found a glowing great sword.
You see here a glowing great sword.
Found a stone staircase leading up.
There is a stone staircase leading up here.
You climb upwards.
An ice beast comes into view.
The ice beast hits you. The ice beast freezes you!
Ouch! That really hurt!
You die...

. #######..
###........
#..Y.......
#..@.......
#..........
.............
#..............
.........#####.
.....####.
..... . .....
..


You could see an ice beast.

Vanquished Creatures
  2 adders (D:2)
  An ooze (D:1)
  A worm (D:2)
  A dart slug (D:2)
  A leopard gecko (D:1)
  2 orcs
  4 bats
  2 hobgoblins (D:2)
  2 jackals (D:1)
  A quokka (D:2)
  A goblin (D:2)
  A kobold (D:1)
  A quokka skeleton (D:2)
  3 rats (D:2)
23 creatures vanquished.

Notes
Turn   | Place    | Note
-------+----------+-------------------------------------------
     0 | D:1      | tidbits the Felid Air Elementalist began the quest for the Orb.
     0 | D:1      | Reached XP level 1. HP: 7/7 MP: 4/4
    39 | D:1      | Reached skill level 3 in Stealth
    80 | D:1      | Reached skill level 1 in Unarmed Combat
    95 | D:1      | Reached XP level 2. HP: 8/11 MP: 1/6
   274 | D:2      | HP: 1/11 [adder (4)]
   301 | D:2      | Found a basalt altar of Yredelemnul.
   394 | D:2      | Reached skill level 4 in Stealth
   414 | D:2      | Reached XP level 3. HP: 4/14 MP: 2/7
   477 | D:2      | Reached skill level 2 in Unarmed Combat
   517 | D:2      | Found an iron altar of Okawaru.
   717 | D:5      | Entered Level 5 of the Dungeon
   786 | D:5      | Noticed an ice beast
   786 | D:5      | Slain by an ice beast

Skill      XL: |  1  2  3 |
---------------+----------+-----
Stealth        | 3 4 |  4.4
Unarmed Combat | 1 2 |  2.2
Dodging        | |  2.6
Spellcasting   | |  2.0
Conjurations   | |  0.8
Air Magic      | |  2.6

Action                   || total
-------------------------++-------
Melee: Unarmed           ||     6
 Cast: Shock             ||    35
 Stab: Sleeping          ||     5
Dodge: Dodged            ||    18

Table legend:
 A = Turns spent in this place as a percentage of turns spent in the entire game.
 B = Non-inter-level travel turns spent in this place as a percentage of non-inter-level travel turns spent in the entire game.
 C = Inter-level travel turns spent in this place as a percentage of turns spent in this place.
 D = Turns resting spent in this place as a percentage of non-inter-level travel turns spent in this place.
 E = Turns spent auto-exploring this place as a percentage of non-inter-level travel turns spent in this place.
 F = Non-inter-level travel turns spent in this place divided by the number of levels of this place that you've seen.
                   A       B       C       D       E      F
               +-------+-------+-------+-------+-------+----------------------
         Total | 100.0 | 100.0 |   3.1 |   0.4 |   0.0 | 127.0
       Dungeon | 100.0 | 100.0 |   3.1 |   0.4 |   0.0 | 127.0
               +-------+-------+-------+-------+-------+----------------------

Table legend:
 A = Kills in this place as a percentage of kills in entire the game.
 B = Kills by you in this place as a percentage of kills by you in the entire game.
 C = Kills by friends in this place as a percentage of kills by friends in the entire game.
 D = Other kills in this place as a percentage of other kills in the entire game.
 E = Experience gained in this place as a percentage of experience gained in the entire game.
 F = Experience gained in this place divided by the number of levels of this place that you have seen.
                   A       B       C       D       E      F
               +-------+-------+-------+-------+-------+----------------------
         Total | 100.0 | 100.0 |   N/A |   N/A | 100.0 |  12.2
       Dungeon | 100.0 | 100.0 |   N/A |   N/A | 100.0 |  12.2
               +-------+-------+-------+-------+-------+----------------------

Vault maps used:
D:1:      nzn_arrival_crosshair, kennysheep_pointless_box
D:2:      marbit_many_paths, lemuel_crystal_altar, kennysheep_okawaru_gauntlet
D:3:      first_ration, uniq_robin
D:4:      zin_scriptorium
D:5:      temple_doors_ab, hex_large
